 Dungeon Crawl Stone Soup version 0.31.0-2-g5a2aebc5c2 (console) character file.

Game seed: 12696710645096585878

5028 jejorda2 the Mimic (level 10, -2/129 HPs)
             Began as a Pale Draconian Berserker on Jan 20, 2024.
             Was an Elder of Trog.
             Slain by a centaur warrior (8 damage)
             ... on level 9 of the Dungeon.
             The game lasted 00:13:59 (7621 turns).

jejorda2 the Mimic (Pale Draconian Berserker)       Turns: 7621, Time: 00:13:59

Health: -2/129     AC: 10    Str: 23    XL:     10   Next: 30%
Magic:  10/10      EV: 13    Int:  7    God:    Trog [****..]
Gold:   483        SH:  0    Dex: 18    Spells: 9/9 levels left

rFire   . .          .
                       - Unarmed
rCold   . . .        (no shield)
rNeg    . . .        (body armour unavailable)
rPois   +            (helmet restricted)
rElec   .            (no cloak)
rCorr   .            o - +0 pair of gloves
SInv    .            v - +1 pair of boots
Will    ++...        (no amulet) Stlth
                     b - ring of poison resistance
HPRegen 1.41/turn    g - +6 ring of dexterity
MPRegen 0.12/turn

%: no passive effects
@: berserking, strong-willed (expiring), regenerating (expiring), very quick
A: breathe steam, AC +7, unfitting armour, cold-blooded, steam resistance
a: Breathe Steam, Renounce Religion, Berserk, Trog's Hand, Brothers in Arms


You were on level 9 of the Dungeon.
You worshipped Trog.
Trog was greatly pleased with you.
You visited 1 branch of the dungeon, and saw 9 of its levels.

You collected 483 gold pieces.

Inventory:

Hand Weapons
 H - a +6 flail
Missiles
 c - 5 javelins
 h - a curare-tipped dart
 l - a throwing net
 n - 23 poisoned darts
 u - 5 datura-tipped darts
Armour
 o - a +0 pair of gloves (worn)
 v - a +1 pair of boots (worn)
Jewellery
 b - a ring of poison resistance (left hand)
 f - a ring of ice
 g - a +6 ring of dexterity (right hand)
 C - a ring of see invisible
 E - a ring of resist corrosion
Wands
 F - a wand of paralysis (11)
 G - a wand of quicksilver (7)
Scrolls
 k - a scroll of blinking
 y - a scroll of immolation
Potions
 a - 2 potions of heal wounds
 d - 2 potions of mutation
 e - a potion of berserk rage
 i - 4 potions of curing
 j - 3 potions of might
 m - a potion of haste
 p - a potion of enlightenment
 s - a potion of lignification
 x - a potion of invisibility
 z - a potion of resistance
 A - a potion of attraction


   Skills:
 + Level 7.4 Fighting
 - Level 2.6 Dodging
 + Level 9.5 Unarmed Combat
 * Level 9.9 Shapeshifting


You had 9 spell levels left.
You didn't know any spells.
Your spell library was empty.

Dungeon Overview and Level Annotations

Branches:
Dungeon (9/15)             Temple (0/1) D:7            Lair (0/5) D:8
    Orc (0/2) D:9

Altars:
Ashenzari
Gozag
Hepliaklqana
Nemelex Xobeh
Qazlal
Xom
The Shining One

Shops:
D:7 =


Innate Abilities, Weirdness & Mutations

You can breathe blasts of scalding, opaque steam.
Your pale cyan-grey scales are hard. (AC +7)
You cannot fit into any form of body armour.
You are cold-blooded and may be slowed by cold attacks.
You are immune to the effects of steam.


Message History

* * * LOW HITPOINT WARNING * * *
The centaur warrior kicks you.
* * * LOW HITPOINT WARNING * * *
You punch the centaur warrior!
The centaur warrior is almost dead.
The centaur warrior hits you but does no damage.
The centaur warrior closely misses you.
A centaur warrior comes into view.
You punch the centaur warrior!
You kill the centaur warrior!
Trog accepts your kill.
You barely miss the centaur warrior.
The boggart mumbles some strange words.
The boggart blinks!
You hit the centaur warrior but do no damage.
The centaur warrior hits you but does no damage.
The centaur warrior kicks you but does no damage.
You pummel the cyclops!!
Your tail-slap misses the cyclops.
The cyclops is heavily wounded.
The centaur warrior hits you.
* * * LOW HITPOINT WARNING * * *
The centaur warrior closely misses you.
You punch the cyclops!
The cyclops is severely wounded.
The cyclops hits you!
* * * LOW HITPOINT WARNING * * *
The centaur warrior hits you!
* * * LOW HITPOINT WARNING * * *
The centaur warrior kicks you.
* * * LOW HITPOINT WARNING * * *
You punch the cyclops!
The cyclops is almost dead.
You feel the effects of Trog's Hand fading.
Unknown command.
You punch the cyclops!
You feel the power of Trog in you as your rage grows.
You kill the cyclops!
Trog accepts your kill. The centaur warrior hits you!
You die...

..# .#.# c...#.. .#.#
c.o.#.. ..#.. 8.e...
#####.##.# ....# #.....##.#
uc.$# #####...####c# ...
####...........(####e####..
.))..###...###.W@cug.......
#######......>.#######...#.
.# ###..######## ...
.##....# # ....#...
=.....## .....>.# ######.#
# #


You could see a white ugly thing, 2 centaur warriors, a deep elf pyromancer, a
wraith and a boggart.

Vanquished Creatures
  2 centaur warriors (D:9)
  An ugly thing (D:9)
  A cyclops (D:9)
  A komodo dragon (D:8)
  A yak (D:8)
  Sigmund (D:3)
  2 ice beasts
  2 black bears (D:8)
  5 sky beasts
  3 centaurs
  2 phantoms
  A kobold brigand (D:8)
  A bullfrog (D:8)
  5 scorpions
  2 jellies
  6 wights
  A howler monkey (D:7)
  7 hounds
  2 bombardier beetles
  2 orc priests
  3 iguanas
  3 sleepcaps
  Terence (D:2)
  3 orc wizards
  4 gnolls (D:4)
  8 adders
  A shadow imp (D:8)
  A white imp (D:8)
  2 ufetubi (D:7)
  2 ribbon worms
  25 orcs
  7 ball pythons
  8 bats
  12 endoplasms
  3 giant cockroaches
  6 goblins
  4 hobgoblins
  11 jackals
  12 kobolds
  4 quokkas
  5 frilled lizards
  9 rats
182 creatures vanquished.

Notes
Turn   | Place    | Note
-------+----------+-------------------------------------------
     0 | D:1      | jejorda2 the Draconian Berserker began the quest for the
                  | Orb.
     0 | D:1      | Reached XP level 1. HP: 19/19 MP: 1/1
   187 | D:1      | Reached skill level 1 in Shapeshifting
   187 | D:1      | Reached XP level 2. HP: 25/26 MP: 2/2
   347 | D:1      | Reached ** piety under Trog
   469 | D:1      | Reached XP level 3. HP: 26/31 MP: 3/3
  1024 | D:2      | Found a hazy altar of Hepliaklqana.
  1062 | D:2      | Noticed Terence
  1069 | D:2      | Killed Terence
  1070 | D:2      | Reached XP level 4. HP: 38/38 MP: 4/4
  1351 | D:2      | Identified the +3 mace of Fimbulwinter {antimagic, ^Drain
                  | Int+5}
  1890 | D:3      | Found a faded altar of an unknown god.
  1936 | D:3      | Noticed Sigmund
  1947 | D:3      | Killed Sigmund
  1948 | D:3      | Reached skill level 5 in Unarmed Combat
  1948 | D:3      | Reached XP level 5. HP: 45/45 MP: 5/5
  1948 | D:3      | Reached XP level 6. HP: 51/51 MP: 6/6
  2625 | D:4      | Reached *** piety under Trog
  2695 | D:4      | You fall into a shaft and drop 1 floor!
  2695 | D:5      | Entered Level 5 of the Dungeon
  2700 | D:5      | Found a shimmering altar of Xom.
  2712 | D:5      | Your scales start taking on a pale cyan-grey colour.
  2712 | D:5      | Reached XP level 7. HP: 54/57 MP: 7/7
  2712 | D:5      | Gained mutation: You are immune to the effects of steam.
                  | [Pale Draconian growth]
  2774 | D:5      | Reached skill level 5 in Shapeshifting
  2816 | D:5      | Found a stormy altar of Qazlal.
  3013 | D:5      | Found an opulent altar of Gozag.
  4195 | D:4      | Reached XP level 8. HP: 50/63 MP: 8/8
  4894 | D:6      | Found a sparkling altar of Nemelex Xobeh.
  4905 | D:6      | Reached **** piety under Trog
  5698 | D:7      | Reached skill level 5 in Fighting
  5827 | D:7      | Reached XP level 9. HP: 66/74 MP: 9/9
  5857 | D:7      | Found Akhlau Tuetz's Jewellery Shop.
  6054 | D:7      | Found a broken altar of Ashenzari.
  6075 | D:7      | Found a staircase to the Ecumenical Temple.
  6317 | D:7      | Found a glowing golden altar of the Shining One.
  6741 | D:8      | Noticed a komodo dragon
  6762 | D:8      | Killed a komodo dragon
  6927 | D:8      | Found a staircase to the Lair.
  7512 | D:9      | Found a staircase to the Orcish Mines.
  7594 | D:9      | Noticed a centaur warrior
  7594 | D:9      | Noticed a deep elf pyromancer
  7594 | D:9      | Noticed a centaur warrior
  7594 | D:9      | Noticed a purple ugly thing
  7594 | D:9      | Noticed a centaur warrior
  7595 | D:9      | Noticed a white ugly thing
  7599 | D:9      | Noticed a cyclops
  7607 | D:9      | Killed a purple ugly thing
  7610 | D:9      | Killed a centaur warrior
  7611 | D:9      | Reached XP level 10. HP: 31/86 MP: 10/10
  7614 | D:9      | Noticed a centaur warrior
  7615 | D:9      | Killed a centaur warrior
  7619 | D:9      | HP: 4/129 [centaur warrior (3)]
  7621 | D:9      | Killed a cyclops
  7621 | D:9      | Slain by a centaur warrior

Illustrated notes

Levels and vault maps discovered:
D:1:      spicycebolla_arrival_xxxplode, layout_loops_corners
D:2:      layout_loops_ring, basic_altar, minivault_25, uniq_terence
D:3:      layout_basic, shapermc_ecumenical_altar_starsandcircs, uniq_sigmund
D:4:      layout_loops_corners, minivault_23
D:5:      layout_loops_ring, nicolae_gozag_cash_rules_everything_around_me,
          nicolae_qazlal_beasts_of_the_sky, mainiacjoe_overflow_catwalk,
          due_unseen_surprise
D:6:      layout_loops_corners, nicolae_overflow_crystal_walls, serial_glass,
          glass_columns_a, glass_columns_a, glass_columns_c, glass_columns_c,
          glass_columns_a, glass_columns_a, glass_columns_b, glass_columns_a,
          glass_columns_a, glass_columns_b, minmay_strange_pillars,
          minmay_strange_pillars, feat_on_display, minmay_strange_pillars
D:7:      layout_rooms, mainiacjoe_overflow_brackets,
          mainiacjoe_overflow_tiny_flanked, minmay_temple_entry_stoned_glass,
          serial_shops, shop
D:8:      layout_cave_pools, grunt_lair_entry_orc_guard_hut
D:9:      layout_rooms, orc_0_dummy, minivault_28

Skill      XL: |  1  2  3  4  5  6  7  8  9 |
---------------+----------------------------+-----
Shapeshifting  | 1 2 3 4 5 7 9 |  9.9
Unarmed Combat | 4 5 6 7 8 9 |  9.5
Fighting       | 5 7 |  7.4
Dodging        | |  2.6

Action                     |  1- 3 |  4- 6 |  7- 9 | 10-12 || total
---------------------------+-------+-------+-------+-------++-------
  Melee: Unarmed           |    89 |   156 |   341 |    11 ||   597
         Tailslap          |     9 |    26 |    53 |       ||    88
         Punch             |       |       |    15 |       ||    15
 Invoke: Berserk           |     2 |     2 |     7 |       ||    11
         Trog's Hand       |       |     1 |     3 |       ||     4
Ability: Breathe Steam     |       |       |    15 |       ||    15
    Use: Scroll            |       |       |    21 |       ||    21
         Potion            |       |       |     1 |       ||     1
   Stab: Sleeping          |       |       |     1 |       ||     1
 Armour: Skin              |    34 |    74 |   215 |    12 ||   335
  Dodge: Dodged            |    45 |    83 |   176 |     2 ||   306
